 Dungeon Crawl Stone Soup version 0.30-a0-760-g5a9884bb7c (webtiles) character file.

Game seed: 12579527614857913745

4 xian the Gusty (level 1, 0/13 HPs)
             Began as a Barachi Air Elementalist on Feb 11, 2023.
             Succumbed to a kobold's poison
             ... on level 1 of the Dungeon.
             The game lasted 00:00:21 (113 turns).

xian the Gusty (Barachi Air Elementalist)            Turns: 113, Time: 00:00:22

Health: 0/13       AC:  2    Str:  9    XL:     1   Next: 60%
Magic:  1/3        EV: 12    Int: 15    God:
Gold:   14         SH:  0    Dex: 12    Spells: 3/4 levels left

rFire   . . .      SeeInvis .    (no weapon)
rCold   . . .      Faith    .    (no shield)
rNeg    . . .      Spirit   .    a - +0 robe
rPois   .          Reflect  .    (no helmet)
rElec   .          Harm     .    (no cloak)
rCorr   .          Rampage  .    (no gloves)
Will    .....                    (no boots)
Stlth   ++                       (no amulet)
HPRegen 0.22/turn                (no ring)
MPRegen 0.08/turn                (no ring)

@: lethally poisoned (0 -> -10), slow
A: amphibious, slowness 1, strong legs 1, +LOS
a: Hop


You were on level 1 of the Dungeon.
You visited 1 branch of the dungeon, and saw 1 of its levels.

You collected 14 gold pieces.

Inventory:

Armour
 a - a +0 robe (worn)
Scrolls
 c - a scroll of identify {unknown}
 d - a scroll of noise {unknown}
Potions
 b - a potion of magic


   Skills:
 + Level 2.1 Dodging
 + Level 1.7 Stealth
 + Level 2.1 Spellcasting
 + Level 1.1 Conjurations
 + Level 3.6 Air Magic


You had 3 spell levels left.
You knew the following spells:

 Your Spells              Type           Power      Damage    Failure   Level
a - Shock                 Conj/Air       32%        1d5       9%          1

Your spell library contained the following spells:

 Spells                   Type           Power      Damage    Failure   Level
 Static Discharge         Conj/Air       16%        2-3/arc   12%         2
 Swiftness                Air            12%        N/A       14%         3
 Airstrike                Air            6%         2d(1-17)  43%         4


Dungeon Overview and Level Annotations

Branches:
Dungeon (1/15)

Altars:


Innate Abilities, Weirdness & Mutations

You are amphibious.
You cover ground slowly.
You can hop short distances.
You have an extended range of vision and can be seen from far away.


Message History

The bat is moderately wounded.
The zap hits the bat.
The bat is severely wounded.
The bat hits you.
The zap hits the bat.
You kill the bat!
HP restored.
Magic restored.
You see here a bat corpse.
You now have 14 gold pieces.
d - a scroll labelled PASKEY GILO
Found a stone staircase leading down.
A ball python and a kobold come into view.
The zap hits the kobold.
The kobold is heavily wounded.
The ball python hisses angrily.
The zap hits the kobold.
The kobold is severely wounded.
The zap hits the kobold.
You kill the kobold!
The zap hits the ball python.
You kill the ball python!
A kobold comes into view. It is wielding a +0 whip of venom.
You are out of magic!
The kobold shouts!
The kobold throws a stone.
The stone hits you.
There is a stone staircase leading down here.
The kobold throws a stone.
The stone hits you but does no damage.
The kobold throws a stone.
The stone hits you. The kobold completely misses you.
Found 3 poisoned darts.
The kobold barely misses you.
The kobold hits you with a +0 whip of venom.
You are poisoned.
You feel sick. The kobold barely misses you.
You feel sick.
You feel sick.
The kobold hits you with a +0 whip of venom.
* * * LOW HITPOINT WARNING * * *
You are lethally poisoned!
You die...

##### ....# ###.#
#.######### #.........#
#
#########.#########.####
##....)@.........
#..>...K......(..
#.#######.####### #. .#
# #. .# . .. ## ###.# ##
..#.# . ....#..


You could see a kobold.

Vanquished Creatures
  A ball python (D:1)
  A bat (D:1)
  A kobold (D:1)
3 creatures vanquished.

Notes
Turn   | Place    | Note
-------+----------+-------------------------------------------
     0 | D:1      | xian the Barachi Air Elementalist began the quest for the
                  | Orb.
     0 | D:1      | Reached XP level 1. HP: 13/13 MP: 3/3
   113 | D:1      | Succumbed to a kobold's poison

Illustrated notes

Levels and vault maps discovered:
D:1:      wander_arrival_desolate, layout_loops_ring

Action                     || total
---------------------------++-------
   Cast: Shock             ||     6
 Armour: Robe              ||     1
  Dodge: Dodged            ||     3

Table legend: (Time is in decaauts)
 A = Elapsed time spent in this place.
 B = Non-inter-level travel time spent in this place.
 C = Inter-level travel time spent in this place.
 D = Time resting spent in this place.
 E = Time spent auto-exploring this place.
 F = Levels seen in this place.
 G = Mean time per level.
                   A        B        C        D        E       F      G
               +--------+--------+--------+--------+--------+-----+--------+
         Total |    126 |    126 |      0 |      0 |    102 |   1 |  126.0 |
       Dungeon |    126 |    126 |      0 |      0 |    102 |   1 |  126.0 |
               +--------+--------+--------+--------+--------+-----+--------+

Top non-repeatable levels by time:
     D:1: 126 daAuts
